 Dungeon Crawl Stone Soup version 0.32-a0-38-gb04dd89b9b (webtiles) character file.

Game seed: 8449043301114877947

16216 clenchingflame the Cleaver (level 12, -4/73 HPs)
             Began as a Gargoyle Fighter on Jan 24, 2024.
             Was a Priest of Hepliaklqana.
             Slain by a very large slime creature (16 damage)
             ... on level 12 of the Dungeon.
             The game lasted 00:38:21 (11405 turns).

clenchingflame the Cleaver (Gargoyle Fighter)      Turns: 11405, Time: 00:38:21

Health: -4/73      AC: 24    Str: 25    XL:     12   Next: 35%
Magic:  21/21      EV:  7    Int:  9    God:    Hepliaklqana [***...]
Gold:   725        SH: 13    Dex:  9    Spells: 3/11 levels left

rFire   + . .        j - +10 hand axe "Plog" {heavy, *Rage rF+ rCorr}
rCold   . . .        D - +0 kite shield
rNeg    + . .        G - +0 chain mail
rPois   ∞            l - +0 helmet
rElec   +            K - +0 cloak
rCorr   +            o - +2 pair of gloves
SInv    .            (no boots)
Will    .....        w - amulet of reflection Stlth
                     L - ring "Pempam" {rElec MP+9}
HPRegen 0.32/turn    (no ring)
MPRegen 0.17/turn

%: random rage (20%), reflection
@: no status effects
A: reduced essence, sickness immunity, AC +8, negative energy resistance 1,
electricity resistance, torment resistance 1, petrification resistance
a: Renounce Religion, Recall Ancestor, Ancestor Identity, Transference


You were on level 12 of the Dungeon.
You worshipped Hepliaklqana.
Hepliaklqana was most pleased with you.
You visited 3 branches of the dungeon, and saw 14 of its levels.

You collected 725 gold pieces.

Inventory:

Hand Weapons
 a - a +0 flail
 j - the +10 hand axe "Plog" (weapon) {heavy, *Rage rF+ rCorr}
   (You found it on level 2 of the Dungeon)

   rF+:       It protects you from fire.
   *Rage:     It berserks you when you make melee attacks (+20% chance).
   rCorr:     It protects you from acid and corrosion.
 M - a +0 demon whip of venom
Missiles
 h - 3 throwing nets
 i - 103 stones (quivered)
 y - 14 boomerangs
Armour
 l - a +0 helmet (worn)
 o - a +2 pair of gloves (worn)
 D - a +0 kite shield (worn)
 G - a +0 chain mail (worn)
 K - a +0 cloak (worn)
Jewellery
 s - an amulet of the acrobat
 w - an amulet of reflection (around neck)
 C - a ring of ice
 L - the ring "Pempam" (left hand) {rElec MP+9}
   (You found it on level 10 of the Dungeon)

   [ring of magical power]

   rElec:     It insulates you from electricity.
   MP+9:      It affects your magic capacity (+9).
Wands
 q - a wand of iceblast (26)
 E - a wand of charming (13)
 I - a wand of acid (11)
 P - a wand of flame (11)
Scrolls
 c - 2 scrolls of teleportation {unknown}
 e - 4 scrolls of blinking
 k - 2 scrolls of vulnerability
 m - 2 scrolls of enchant weapon {unknown}
 p - 2 scrolls of fear {unknown}
 t - a scroll of revelation {unknown}
 u - 4 scrolls of poison {unknown}
 v - 2 scrolls of torment {unknown}
 x - 2 scrolls of immolation {unknown}
 A - 2 scrolls of fog {unknown}
 O - a scroll of noise {unknown}
Potions
 b - a potion of enlightenment {unknown}
 d - 6 potions of might
 f - 2 potions of experience {unknown}
 g - 2 potions of ambrosia
 n - 2 potions of attraction
 r - 2 potions of resistance
 z - 4 potions of curing
 B - a potion of magic {unknown}
 F - a potion of invisibility {unknown}
 H - a potion of haste {unknown}
 J - a potion of cancellation {unknown}
 N - a potion of mutation {unknown}


   Skills:
 * Level 12.4 Fighting
 - Level 13.8(14.0) Axes
 - Level 3.1(10.2) Maces & Flails
 - Level 5.3 Armour
 - Level 3.8 Shields
 - Level 4.0 Fire Magic
 + Level 1.0 Air Magic


You had 3 spell levels left.
You knew the following spells:

 Your Spells              Type           Power      Damage    Failure   Level
a - Plasma Beam           Fire/Air       2%         2x1d12    100%        6
b - Blink                 Tloc           0%         N/A       99%         2

Your spell library contained the following spells:

 Spells                   Type           Power      Damage    Failure   Level
 Scorch                   Fire           14%        2d5       77%         2
 Foxfire                  Conj/Fire      12%        2x1d4     88%         1
 Freeze                   Ice            0%         1d3       99%         1
 Magic Dart               Conj           0%         1d3       99%         1
 Call Imp                 Summ           0%         N/A       99%         2
 Jinxbite                 Hex            0%         N/A       99%         2
 Static Discharge         Conj/Air       0%         3-3/arc   99%         2
 Dazzling Flash           Conj/Hex       0%         N/A       100%        3
 Frozen Ramparts          Ice            0%         1d1       100%        3
 Hailstorm                Conj/Ice       0%         3d5       100%        3
 Mephitic Cloud           Conj/Alch/Air  0%         N/A       100%        3
 Curse of Agony           Necr           0%         N/A       100%        5
 Silence                  Hex/Air        0%         N/A       100%        5
 Yara's Violent Unravell  Hex/Alch       0%         3d3       100%        5
 Starburst                Conj/Fire      1%         6d3       100%        6
 Enfeeble                 Hex            0%         N/A       100%        7


Dungeon Overview and Level Annotations

Branches:
Dungeon (12/15)            Temple (1/1) D:6            Lair (1/5) D:10
    Orc: D:9-12

Altars:
Ashenzari
Cheibriados
Dithmenos
Elyvilon
Fedhas
Gozag
Hepliaklqana
Kikubaaqudgha
Makhleb
Nemelex Xobeh
Okawaru
Qazlal
Ru
Sif Muna
Trog
Uskayaw
Vehumet
Wu Jian
Xom
Yredelemnul
Zin
The Shining One

Shops:
D:6 ??

Annotations:
D:11 3 runed translucent doors


Innate Abilities, Weirdness & Mutations

Your life essence is reduced to manifest your ancestor. (-10% HP)
You are immune to sickness and miasma.
Your stone body is resilient. (AC +8)
You are immune to poison.
You resist negative energy. (rN+)
You are resistant to electric shocks. (rElec)
You are resistant to unholy torment.
You are immune to petrification.


Message History

You slice the slime creature!!
The slime creature is severely wounded.
Jeb Bush gestures at the slime creature while chanting.
The slime creature appears confused.
The slime creature hits you!
You slash the slime creature!
The slime creature is almost dead.
Jeb Bush gestures at the slime creature while chanting.
The slime creature easily resists.
The slime creature hits you but does no damage.
A slime creature comes into view.
You strike the helpless slime creature from behind!
You slash the slime creature!
You kill the slime creature!
Jeb Bush gestures at the slime creature while chanting.
The slime creature easily resists.
Two slime creatures merge to form a large slime creature.
Two slime creatures merge to form a very large slime creature.
Your Air Magic skill increases to level 1!
You slice the very large slime creature!!
The very large slime creature is lightly wounded.
The very large slime creature hits you!!!
Ouch! That really hurt!
Jeb Bush points at the very large slime creature and mumbles some strange words.
The very large slime creature easily resists.
The very large slime creature attacks as it pursues you!
The very large slime creature hits you!
* * * LOW HITPOINT WARNING * * *
Jeb Bush hits the very large slime creature with a +0 dagger of draining.
You slice the very large slime creature!!
The very large slime creature is moderately wounded.
Jeb Bush hits the very large slime creature with a +0 dagger of draining!
Jeb Bush drains the very large slime creature.
The very large slime creature barely misses you.
Jeb Bush barely misses the very large slime creature.
You hit the very large slime creature.
The very large slime creature is moderately wounded.
Jeb Bush hits the very large slime creature with a +0 dagger of draining!
Jeb Bush drains the very large slime creature.
The very large slime creature hits you!
You die...

##+########
#.........####
#.........'..# ##
#.........##.# ...
#.........##.## ....
###.........##..## .....
..'.........###.@##......
###....>....# ##RJ9......
# #.........# ####......
# ########+## ..... ....
### #


You could see the friendly Jeb Bush the hexer, a very large slime creature
(drained, ally target) and a gargoyle.

Vanquished Creatures
  Fannar (D:11)
  A boulder beetle (D:11)
  3 death yaks
  Amaemon (D:11)
  Nergalle (D:11)
  A cyclops (D:11)
  4 kobold demonologists
  2 komodo dragons
  A troll (D:10)
  A slime creature (D:12)
  A wraith (D:9)
  8 yaks
  4 vampire mosquitoes
  2 steam dragons
  Menkaure (D:6)
  An acid dragon (D:9)
  2 water moccasins
  Edmund (D:6)
  An orc warrior (D:7)
  2 ice beasts (D:7)
  A sky beast (D:6)
  An ogre (D:6)
  2 centaurs
  Blork the orc (D:5)
  4 bullfrogs
  3 kobold brigands
  A gnoll sergeant (D:6)
  A scorpion (D:4)
  10 wights
  22 killer bees
  7 howler monkeys
  3 jellies
  4 gnoll boudas
  5 orc priests
  A sleepcap (D:6)
  4 hounds
  9 iguanas
  4 orc wizards
  11 adders
  29 gnolls
  2 shadow imps
  A white imp (D:6)
  2 ufetubi (D:5)
  3 dart slugs
  A ribbon worm (D:4)
  13 orcs
  9 bats
  9 endoplasms
  5 giant cockroaches
  5 goblins
  9 hobgoblins
  3 quokkas
  4 ball pythons
  4 frilled lizards
  19 kobolds
  8 rats
259 creatures vanquished.

Vanquished Creatures (collateral kills)
  2 death yaks (D:10)
  A cyclops (D:11)
  Maurice (D:11)
  An orange demon (D:11)
  2 yaks (D:10)
  A steam dragon (D:9)
  An orc warrior (D:10)
  A wight (D:9)
  2 killer bees
  A howler monkey (D:8)
  An orc priest (D:8)
  2 iguanas (D:9)
  3 orc wizards
  4 orcs
  A frilled lizard (D:9)
  2 kobolds (D:10)
26 creatures vanquished.

Vanquished Creatures (others)
  3 hexers
  An ancestor (D:7)
4 creatures vanquished.

Grand Total: 289 creatures vanquished

Notes
Turn   | Place    | Note
-------+----------+-------------------------------------------
     0 | D:1      | clenchingflame the Gargoyle Fighter began the quest for the
                  | Orb.
     0 | D:1      | Reached XP level 1. HP: 14/14 MP: 1/1
   140 | D:1      | Reached XP level 2. HP: 19/19 MP: 2/2
   270 | D:1      | Reached XP level 3. HP: 17/23 MP: 3/3
   830 | D:2      | Identified the +10 hand axe "Plog" {heavy, *Rage rF+ rCorr}
  1230 | D:2      | Reached skill level 1 in Axes
  1230 | D:2      | Reached XP level 4. HP: 28/28 MP: 4/4
  2317 | D:3      | Reached skill level 2 in Axes
  2516 | D:3      | Reached XP level 5. HP: 32/32 MP: 5/5
  2944 | D:4      | Reached skill level 3 in Axes
  3050 | D:4      | Reached XP level 6. HP: 33/37 MP: 6/6
  3138 | D:4      | Reached skill level 4 in Axes
  3144 | D:4      | Reached skill level 5 in Armour
  3417 | D:4      | Reached XP level 7. HP: 41/41 MP: 7/7
  3632 | D:4      | Learned a level 6 spell: Plasma Beam
  3964 | D:5      | Entered Level 5 of the Dungeon
  4121 | D:5      | Noticed Blork the orc
  4129 | D:5      | Killed Blork the orc
  4130 | D:5      | Reached skill level 5 in Axes
  4627 | D:6      | Noticed a steam dragon
  4629 | D:6      | Noticed Menkaure
  4657 | D:5      | Killed a steam dragon
  4768 | D:6      | Found a staircase to the Ecumenical Temple.
  4780 | D:6      | Killed Menkaure
  4781 | D:6      | Reached skill level 6 in Axes
  4781 | D:6      | Reached XP level 8. HP: 43/48 MP: 8/8
  4833 | Temple   | Entered the Ecumenical Temple
  4838 | Temple   | Became a worshipper of Hepliaklqana the Forgotten
  4883 | D:6      | Found Ymus's Magic Scroll Boutique.
  4961 | D:6      | Reached skill level 5 in Fighting
  4964 | D:6      | Noticed Edmund
  4974 | D:6      | Killed Edmund
  4975 | D:6      | Reached skill level 7 in Axes
  5565 | D:6      | Found Ezualehe's Magic Scroll Shop.
  5656 | D:6      | Found a snail-covered altar of Cheibriados.
  5806 | D:7      | Reached XP level 9. HP: 55/55 MP: 9/9
  5840 | D:7      | Reached skill level 8 in Axes
  5904 | D:7      | Found a burning altar of Makhleb.
  6189 | D:7      | Reached skill level 9 in Axes
  6269 | D:7      | Reached * piety under Hepliaklqana
  6565 | D:7      | Found a shimmering blue altar of Sif Muna.
  6822 | D:7      | Reached skill level 1 in Fire Magic
  6837 | D:7      | Got Gacobb's Occult Arts in Simple Steps
  7207 | D:8      | Reached XP level 10. HP: 57/57 MP: 10/10
  7379 | D:8      | Reached skill level 10 in Axes
  7446 | D:8      | Found a stormy altar of Qazlal.
  7446 | D:8      | Found a shimmering altar of Xom.
  7447 | D:8      | Found a glowing silver altar of Zin.
  8004 | D:9      | Reached ** piety under Hepliaklqana
  8005 | D:9      | Remembered your ancestor Jeb Bush as a hexer
  8670 | D:9      | Learned a level 2 spell: Blink
  8896 | D:9      | Reached skill level 11 in Axes
  9027 | D:9      | Found a radiant altar of Vehumet.
  9205 | D:10     | Entered Level 10 of the Dungeon
  9265 | D:10     | Noticed a death yak
  9274 | D:10     | Noticed a death yak
  9276 | D:10     | Killed a death yak
  9277 | D:10     | Reached XP level 11. HP: 63/63 MP: 11/11
  9284 | D:10     | Killed a death yak
  9298 | D:10     | Noticed a death yak
  9298 | D:10     | Noticed a death yak
  9299 | D:10     | Noticed a death yak
  9313 | D:10     | Noticed a sun demon
  9334 | D:9      | Killed a death yak
  9335 | D:9      | Reached skill level 10 in Fighting
  9335 | D:9      | Reached skill level 12 in Axes
  9402 | D:10     | Killed a death yak
  9415 | D:10     | Killed a death yak
  9430 | D:10     | Noticed a sun demon
  9618 | D:10     | Identified the ring "Pempam" {rElec MP+9}
  9926 | D:10     | Found a staircase to the Lair.
 10156 | Lair:1   | Entered Level 1 of the Lair of Beasts
 10210 | D:11     | Noticed Maurice
 10220 | D:11     | Reached *** piety under Hepliaklqana
 10236 | D:11     | Killed Maurice
 10237 | D:11     | Reached skill level 13 in Axes
 10313 | D:11     | Found a runed translucent gate.
 10313 | D:11     | Found a runed translucent gate.
 10313 | D:11     | Found a runed translucent gate.
 10316 | D:11     | Noticed a green ugly thing
 10316 | D:11     | Noticed a purple ugly thing
 10318 | D:11     | Noticed a faun
 10318 | D:11     | Noticed a purple ugly thing
 10318 | D:11     | Noticed a green ugly thing
 10319 | D:11     | Noticed a green ugly thing
 10321 | D:11     | a faun changed into a wind drake
 10356 | D:11     | Noticed a swamp dragon
 10357 | D:11     | a swamp dragon changed into a death drake
 10357 | D:11     | Noticed a death drake (glowing shapeshifter)
 10407 | D:11     | Noticed Amaemon
 10419 | D:11     | Killed Amaemon
 10543 | D:11     | Noticed a cyclops
 10549 | D:11     | Killed a cyclops
 10654 | D:11     | Noticed a boulder beetle
 10665 | D:11     | Reached XP level 12. HP: 72/72 MP: 12/12
 10687 | D:11     | Killed a boulder beetle
 10965 | D:11     | Noticed Nergalle
 10972 | D:11     | Killed Nergalle
 11011 | D:11     | Identified the +7 hand axe of Indomitability {heavy, rElec
                  | rPois rF- rCorr}
 11080 | D:11     | Noticed Fannar
 11091 | D:11     | Killed Fannar
 11315 | D:11     | Noticed a two-headed ogre
 11402 | D:12     | Reached skill level 1 in Air Magic
 11405 | D:12     | Slain by a very large slime creature

Illustrated notes

Levels and vault maps discovered:
D:1:      dpeg_arrival_round_a, layout_loops_ring
D:2:      layout_basic, minmay_fractal_squares_gapless_5
D:3:      layout_basic
D:4:      layout_basic
D:5:      layout_loops_ring, uniq_blork_the_orc
D:6:      layout_basic, mainiacjoe_overflow_alcove_2,
          minmay_temple_entry_slanted, serial_shops, nicolae_shop_trees,
          shop_coins, kennysheep_decorative_pillar, uniq_menkaure, uniq_edmund
D:7:      layout_cave_pods, led_sif_book, bloody_makhleb
D:8:      layout_loops_ring, gammafunk_temple_overflow_claw
D:9:      layout_basic, mainiacjoe_overflow_surrounded_room, minmay_lizard_king
D:10:     layout_basic, dpeg_lair_monsters, serial_rivers,
          chequers_serial_rivers_micro_b, chequers_serial_rivers_room_b,
          chequers_serial_rivers_micro_c, chequers_serial_rivers_small_3
D:11:     layout_stronghold, ploomutoo_gammafunk_ghost_potion_laboratory,
          uniq_amaemon, uniq_nergalle, uniq_maurice, uniq_fannar
D:12:     layout_roguey, orc_0_dummy
Temple:   minmay_freezing_vapour_temple
Lair:1:   layout_misc_corridors

Skill      XL: |  1  2  3  4  5  6  7  8  9 10 11 12 |
---------------+-------------------------------------+-----
Maces & Flails | 3 |  3.1
Axes           | 1 2 3 4 6 7 9 11 13 | 13.8
Armour         | 4 5 |  5.3
Fighting       | 4 6 8 9 11 12 | 12.4
Fire Magic     | 2 4 |  4.0
Air Magic      | 1 |  1.0
Shields        | |  3.8

Action                     |  1- 3 |  4- 6 |  7- 9 | 10-12 || total
---------------------------+-------+-------+-------+-------++-------
  Melee: Flail             |    98 |       |       |       ||    98
         Hand axe          |    12 |   100 |   168 |   227 ||   507
 Invoke: Ancestor Identity |       |       |     1 |       ||     1
         Ancestor Life: He |       |       |       |     1 ||     1
         Transference      |       |       |       |     1 ||     1
    Use: Scroll            |       |       |     5 |       ||     5
         Potion            |       |       |       |     2 ||     2
   Stab: Confused          |       |       |       |     9 ||     9
         Distracted        |       |       |       |     4 ||     4
 Armour: Scale mail        |    79 |    82 |   151 |       ||   312
         Chain mail        |       |       |       |   138 ||   138
  Dodge: Dodged            |    63 |    45 |    76 |    48 ||   232
  Block: Buckler           |    29 |    31 |    49 |       ||   109
         Kite shield       |       |       |    81 |   139 ||   220
         Reflection        |       |       |     3 |     4 ||     7

Table legend: (Time is in decaauts)
 A = Elapsed time spent in this place.
 B = Non-inter-level travel time spent in this place.
 C = Inter-level travel time spent in this place.
 D = Time resting spent in this place.
 E = Time spent auto-exploring this place.
 F = Levels seen in this place.
 G = Mean time per level.
                   A        B        C        D        E       F      G
               +--------+--------+--------+--------+--------+-----+--------+
         Total |  12186 |  11821 |    365 |   2703 |   6832 |  14 |  870.4 |
       Dungeon |  12172 |  11811 |    361 |   2703 |   6832 |  12 | 1014.3 |
        Temple |     12 |      8 |      4 |      0 |      0 |   1 |   12.0 |
          Lair |      1 |      1 |      0 |      0 |      0 |   1 |    1.0 |
               +--------+--------+--------+--------+--------+-----+--------+

Top non-repeatable levels by time:
     D:9: 1552 daAuts
     D:6: 1434 daAuts
     D:2: 1326 daAuts
     D:7: 1259 daAuts
     D:4: 1239 daAuts
    D:11: 1213 daAuts
     D:1: 857 daAuts
     D:8: 857 daAuts
     D:3: 842 daAuts
    D:10: 790 daAuts
     D:5: 740 daAuts
    D:12: 58 daAuts
  Temple: 12 daAuts
  Lair:1: 1 daAuts
